[Event "IIFL Wealth  4th Mumbai Junior U-13"]
[Site "Mumbai"]
[Date "2019.01.06"]
[Round "8"]
[White "Pranav, V."]
[Black "Sarvade Mihiir"]
[Result "1-0"]
[ECO "A45"]
[WhiteElo "2318"]
[BlackElo "1563"]
[Annotator "ChessBase"]
[PlyCount "59"]
[EventDate "2018.12.30"]
[EventType "swiss"]
[EventCountry "IND"]
[SourceTitle "playchess.com"]
[Source "ChessBase"]
[SourceQuality "1"]
[TimeControl "40/5400+30:1800+30"]

1. d4 Nf6 2. Nc3 d5 3. Bf4 g6 4. e3 Bg7 5. Nf3 O-O 6. Be2 c5 7. Nb5 Na6 8. c3 Nh5 9. Be5 f6 10. Bg3 Nxg3 11. hxg3 e5 12. dxe5 fxe5 13. e4 Be6 14. Qc2 d4 15. Na3 Rc8 16. Bc4 Bxc4 17. Nxc4 Qe7 18. Qb3 Kh8 19. a4 Nb8 20. O-O-O Nc6 21. Rh3 h6 22. Rdh1 Rf6 23. g4 Rcf8 24. g5 Rxf3 25. gxf3 Qxg5+ 26. Kb1 b6 27. Qb5 Rf6 28. Qa6 Rf8 29. Qb7 Qf6 30. Rxh6+ 1-0

[Event "IIFL Wealth  4th Mumbai Junior U-13"]
[Site "Mumbai"]
[Date "2019.01.06"]
[Round "8"]
[White "Zia, Tahsin Tajwar"]
[Black "Devesh Anand Naik"]
[Result "1/2-1/2"]
[ECO "A48"]
[WhiteElo "2125"]
[BlackElo "1763"]
[Annotator "NA"]
[PlyCount "69"]
[EventDate "2018.12.30"]
[EventType "swiss"]
[EventCountry "IND"]
[SourceTitle "playchess.com"]
[Source "ChessBase"]
[SourceQuality "1"]
[TimeControl "40/5400+30:1800+30"]

1. d4 Nf6 2. Nf3 g6 3. Bf4 Bg7 4. e3 O-O 5. h3 d6 6. Be2 Nbd7 7. Bh2 Qe8 8. c4 e5 9. Nc3 c6 10. O-O Qe7 11. Rc1 Ne8 12. b4 {[%emt 0:03:30] A48: 1 d4 Nf6 2 Nf3 g6: Torre, London and Colle Systems} f5 {[%emt 0:01:45] LiveBook: 4 Games} (12... a6 13. c5 d5 14. a4 Nc7 15. b5 axb5 16. axb5 Ne6 17. Na4 Rd8 18. Bxe5 Bxe5 19. dxe5 Nexc5 20. Nxc5 Nxc5 {½-½ (40) Rogers,I (2618)-Babula,V (2565) Prague 1999}) 13. Qb3 Kh8 14. Rfd1 $146 ({Predecessor:} 14. a4 Nef6 15. c5 Ne4 16. Nxe4 fxe4 17. cxd6 Qxd6 18. dxe5 Qe7 19. e6 exf3 20. Bxf3 {0-1 (35) Ferre Navarro,J (1604)-Sanz Ogaya,M (1959) Mataro 2018}) 14... g5 15. dxe5 dxe5 16. a4 a5 17. b5 h5 18. Nd2 g4 19. hxg4 hxg4 20. e4 f4 21. bxc6 bxc6 22. Bxg4 Nc5 23. Qa3 Bxg4 24. f3 Qa7 25. Kh1 Nd3 26. Bg1 Nf2+ 27. Bxf2 Qxf2 28. fxg4 {[%emt 0:00:26] [#]} f3 $1 29. Nxf3 Rxf3 30. gxf3 Qxf3+ {[%emt 0:00:56] Double Attack} 31. Kh2 Qf2+ 32. Kh1 Qf3+ 33. Kh2 Qf2+ 34. Kh1 Qf3+ $11 35. Kh2 1/2-1/2

[Event "IIFL Wealth  4th Mumbai Junior U-13"]
[Site "Mumbai"]
[Date "2019.01.06"]
[Round "8"]
[White "Manish Anto Cristiano F"]
[Black "Aaryan Varshney"]
[Result "1/2-1/2"]
[ECO "B90"]
[WhiteElo "2065"]
[BlackElo "2200"]
[Annotator "NA"]
[PlyCount "105"]
[EventDate "2018.12.30"]
[EventType "swiss"]
[EventCountry "IND"]
[SourceTitle "playchess.com"]
[Source "ChessBase"]
[SourceQuality "1"]
[TimeControl "40/5400+30:1800+30"]

1. e4 c5 2. Nf3 d6 3. d4 cxd4 4. Nxd4 Nf6 5. Nc3 a6 6. Be3 e5 7. Nf3 Be7 8. Bc4 O-O 9. O-O Be6 10. Bb3 h6 {[%emt 0:02:49] B90: Sicilian Najdorf: Unusual White 6th moves, 6 Be3 Ng4 and 6 Be3 e5} 11. Qe2 Nc6 12. Rfd1 Rc8 13. Nh4 {[%emt 0:05:16] LiveBook: 6 Games [#]} Na5 $146 ({Predecessor:} 13... b5 14. Ng6 Bxb3 15. Nxe7+ Qxe7 16. axb3 Nb4 17. Bb6 Rb8 18. Ba5 Nc6 19. Nd5 Nxd5 20. Rxd5 Rfc8 21. c3 b4 22. Bxb4 Nxb4 23. cxb4 Rxb4 24. Qxa6 {½-½ (24) Volokitin,A (2692)-Andriasian,Z (2613) Moscow 2010}) 14. Bxe6 $1 fxe6 15. Ng6 Re8 16. Nxe5 {[%emt 0:02:24] Pin} Qc7 17. Ng6 Nc4 (17... Bd8 $11) 18. Bc1 b5 19. b3 Nb6 20. Bb2 b4 21. Na4 Nxa4 22. bxa4 Qxc2 23. Qxc2 Rxc2 24. Nxe7+ Rxe7 25. Bxf6 gxf6 26. Rxd6 Kf7 27. Rxa6 Rd7 28. Rb6 Rxa2 29. Rf1 Rxa4 30. Re1 Rd2 31. e5 {[%emt 0:01:41] [#]} Re2 $1 {[%emt 0:02:28] Back Rank} 32. Kf1 Rb2 33. exf6 Raa2 34. Rexe6 Rxf2+ 35. Ke1 Rfb2 36. Re7+ Kg6 37. Rg7+ Kf5 38. Rd6 $11 Rb1+ 39. Rd1 Rxd1+ 40. Kxd1 Kxf6 41. Rb7 Rxg2 42. Rxb4 Rxh2 43. Ke1 Rg2 44. Kf1 Rg5 45. Rb6+ Kg7 46. Rb7+ Kg6 47. Rb4 h5 48. Rb6+ Kf5 49. Rb5+ Kf4 50. Rxg5 Kxg5 51. Kg1 h4 52. Kh2 h3 53. Kxh3 1/2-1/2

[Event "IIFL Wealth  4th Mumbai Junior U-13"]
[Site "Mumbai"]
[Date "2019.01.06"]
[Round "8"]
[White "Kadam Om Manish"]
[Black "Abhyuday Santhosh"]
[Result "1-0"]
[ECO "B92"]
[WhiteElo "1944"]
[BlackElo "1409"]
[Annotator "NA"]
[PlyCount "85"]
[EventDate "2018.12.30"]
[EventType "swiss"]
[EventCountry "IND"]
[SourceTitle "playchess.com"]
[Source "ChessBase"]
[SourceQuality "1"]
[TimeControl "40/5400+30:1800+30"]

1. e4 c5 2. Nf3 d6 3. d4 cxd4 4. Nxd4 Nf6 5. Nc3 a6 6. Be2 e5 7. Nf3 Be6 8. Bg5 {[%emt 0:01:45] B92: Sicilian Najdorf: 6 Be2} Be7 9. Nd2 (9. Bxf6 Bxf6 10. Qd2 O-O 11. O-O Qc7 12. Rfd1 Be7 13. Nd5 Bxd5 14. Qxd5 Nd7 15. Nd2 b5 16. c4 {½-½ (66) Van Foreest,J (2617)-Fedoseev,V (2713) Hoogeveen 2018}) 9... b5 10. Bxf6 Bxf6 11. Nf1 Nc6 12. Ne3 Ne7 $146 ({Predecessor:} 12... Nd4 13. Ncd5 Bg5 14. c3 Bxe3 15. Nxe3 Nxe2 16. Qxe2 {0-1 (80) Vettese,N (2102)-Song,G (2174) Mississauga 2017}) 13. a4 b4 14. Ncd5 Bxd5 15. Nxd5 Nxd5 16. Qxd5 O-O 17. O-O Qc7 18. Bc4 a5 19. b3 Qc5 20. Qd3 Rac8 21. Rad1 Be7 22. Qe2 Qb6 23. Kh1 Rc5 24. Qg4 Qc7 25. f4 exf4 26. Rxf4 Qc8 27. Qf3 Qe8 28. Rf1 Bf6 29. Rxf6 gxf6 30. Qxf6 Rxc4 $1 31. bxc4 Qxe4 32. Qxd6 Qxc2 {[%emt 0:00:40] [#]} ({Better is} 32... Qe2 $14 33. Qf4 Qxc2) 33. h3 $1 Qg6 {[%emt 0:00:46] [#]} ({Not} 33... Qxc4 $2 34. Rf3 $18) (33... Qxa4 $2 34. Qf6 $18) 34. Qe5 $1 f6 35. Qxa5 b3 (35... Qd3 {might work better.} 36. Rf3 Qd1+ 37. Kh2 Qd6+ 38. Rg3+ Kh8) 36. Qb4 Qc2 {[%emt 0:09:55] [#]} 37. Rf3 $1 Rd8 $2 (37... Re8 $18 38. Rxb3 (38. Qxb3 Qxb3 39. Rxb3 Ra8 $18) 38... Qe4) 38. Rxb3 $2 (38. Rg3+ Qg6 39. Rxg6+ hxg6 40. c5) 38... Qf2 39. Kh2 Rd1 (39... Kh8 $18 40. Rf3 Qd4) 40. Qb8+ Kf7 41. Rb7+ Ke6 42. Qe8+ Kf5 43. Qh5+ 1-0

[Event "IIFL Wealth  4th Mumbai Junior U-13"]
[Site "Mumbai"]
[Date "2019.01.06"]
[Round "8"]
[White "Savitha Shri B"]
[Black "Jadhav Jyotiraditya"]
[Result "1-0"]
[ECO "A13"]
[WhiteElo "1894"]
[BlackElo "1358"]
[Annotator "NA RC"]
[PlyCount "125"]
[EventDate "2018.12.30"]
[EventType "swiss"]
[EventCountry "IND"]
[SourceTitle "playchess.com"]
[Source "ChessBase"]
[SourceQuality "1"]
[TimeControl "40/5400+30:1800+30"]

1. Nf3 d5 2. c4 e6 3. g3 Nf6 4. Bg2 c6 5. b3 Bd6 6. Bb2 O-O 7. O-O Nbd7 8. d3 Qe7 9. Qc2 Re8 10. e4 dxe4 11. dxe4 e5 12. Nbd2 Nf8 13. Rac1 N8d7 14. Ne1 b6 15. Nd3 Bb7 16. Kh1 Nc5 17. Ne1 Rad8 18. Bc3 Bb8 19. b4 Ne6 20. Nb3 c5 21. b5 Nd4 22. Bxd4 exd4 23. f3 Nd7 24. Nd3 Ne5 25. Rce1 f6 26. a4 h5 27. Nxe5 fxe5 28. Qd3 Qg5 29. Bh3 Bc8 30. Bxc8 Rxc8 31. Rg1 Re6 32. a5 Rf8 33. axb6 axb6 34. Qd2 Qf6 35. Ref1 Qf7 36. Qe2 Rf6 37. Nd2 Qd7 38. Qg2 Bd6 39. Nb3 Qf7 40. Nd2 Qd7 41. Ra1 Be7 42. f4 Bd8 43. f5 Rh6 44. Nf3 Qc7 45. Ra6 Qd6 46. Ra7 Bf6 47. g4 hxg4 48. Qxg4 Rf7 49. Ra8+ Rf8 50. Ra3 Qe7 51. Ra6 Qd6 52. Kg2 Rd8 53. Kf2 Rb8 54. Ke2 Qe7 55. Kd3 Qf7 56. Qg3 Qc7 57. Rga1 Qd6 58. Ra7 Rd8 59. R1a6 Rb8 60. Ra1 Rd8 61. Rg1 Rh7 62. Qg6 Rh6 63. Rxg7+ {Rh7 Qg3+ Rh6 Ra7+} 1-0

[Event "IIFL Wealth  4th Mumbai Junior U-13"]
[Site "Mumbai"]
[Date "2019.01.06"]
[Round "8"]
[White "Jain Kashish Manoj"]
[Black "Nikhil Magizhnan"]
[Result "1/2-1/2"]
[ECO "A05"]
[WhiteElo "1853"]
[BlackElo "2148"]
[Annotator "NA"]
[PlyCount "168"]
[EventDate "2018.12.30"]
[EventType "swiss"]
[EventCountry "IND"]
[SourceTitle "playchess.com"]
[Source "ChessBase"]
[SourceQuality "1"]
[TimeControl "40/5400+30:1800+30"]

1. Nf3 Nf6 2. g3 d5 3. Bg2 c5 4. O-O Nc6 5. d3 e5 6. e4 d4 7. Na3 Bd6 8. Nc4 Bc7 {[%emt 0:00:09] A08: King's Indian Attack} (8... O-O 9. Nxd6 Qxd6 10. Nh4 Rb8 11. h3 b5 12. f4 c4 13. fxe5 Nxe5 14. Bg5 Ne8 15. Nf5 Bxf5 16. exf5 {½-½ (66) Grigoryan,K (2571)-Ni,H (2670) chess.com INT 2018}) 9. a4 Bg4 10. h3 Be6 11. b3 h6 12. Ne1 $146 ({Predecessor:} 12. Kh2 a6 13. Ba3 Nd7 14. Ncxe5 Ndxe5 15. Nxe5 Bxe5 16. Bxc5 {0-1 (27) Soncini,S-Vieites,C ICCF email 2017}) 12... Qd7 13. Kh2 g5 14. Bd2 Ng8 15. Qc1 Nge7 16. a5 Ng6 17. Qa3 Qe7 18. Rb1 O-O 19. b4 b5 20. axb6 axb6 21. Qb2 b5 22. Nxe5 Ncxe5 23. f4 gxf4 24. gxf4 Ra2 25. Qc1 Nd7 26. Kh1 f5 27. bxc5 Qh4 28. Nf3 Qf6 29. e5 Qf7 30. Nxd4 Bd5 31. Nf3 Kh7 32. Rxb5 Ne7 33. Rb2 Rxb2 34. Qxb2 Rg8 35. c4 Bc6 36. Be3 Ra8 37. Qe2 Ra4 38. Rc1 Ra5 39. Bd2 Ra2 40. e6 Qg7 41. exd7 Ng6 42. Re1 $11 ({White has to play} 42. Ng5+ $1 $18 hxg5 43. Bxc6 Nxf4 44. Qe3) 42... Nxf4 43. Bxf4 Rxe2 44. Rxe2 Qxd7 45. Bxc7 Qxc7 46. Rf2 Qa5 47. d4 Be4 48. Kh2 Qc3 49. c6 Qxc4 50. Nd2 Qxd4 51. Nxe4 fxe4 52. Re2 e3 53. c7 Qd6+ 54. Kg1 Qxc7 55. Rxe3 Qc5 56. Kf2 h5 57. Kf3 Kh6 58. Re4 Qc3+ 59. Kf2 Kg5 60. h4+ Kf5 61. Kg1 Qc1+ 62. Kh2 Qd1 63. Bh1 Qd6+ 64. Kg1 Qg3+ 65. Bg2 Qxg2+ 66. Kxg2 Kxe4 67. Kg3 Ke3 68. Kg2 Kf4 69. Kh3 Kf3 70. Kh2 Kg4 71. Kg2 Kxh4 72. Kh2 Kg4 73. Kg2 h4 74. Kh2 Kf4 75. Kh3 Kg5 76. Kh2 Kg4 77. Kg2 h3+ 78. Kh2 Kh4 79. Kh1 Kg3 80. Kg1 Kf3 81. Kh2 Kg4 82. Kh1 Kg3 83. Kg1 h2+ 84. Kh1 Kh3 1/2-1/2

[Event "IIFL Wealth  4th Mumbai Junior U-13"]
[Site "Mumbai"]
[Date "2019.01.06"]
[Round "8"]
[White "Potawad Anirudhha"]
[Black "Arjun Kumar S"]
[Result "1-0"]
[ECO "B43"]
[WhiteElo "1849"]
[BlackElo "1428"]
[Annotator "NA"]
[PlyCount "91"]
[EventDate "2018.12.30"]
[EventType "swiss"]
[EventCountry "IND"]
[SourceTitle "playchess.com"]
[Source "ChessBase"]
[SourceQuality "1"]
[TimeControl "40/5400+30:1800+30"]

1. e4 c5 2. Nf3 e6 3. d4 cxd4 4. Nxd4 a6 5. Nc3 Qc7 6. Bd3 Nf6 7. O-O b5 8. a3 Bb7 9. Qe2 Be7 {[%emt 0:00:26] B43: Sicilian: Kan Variation: 5 Nc3} (9... d6 10. f4 Nbd7 11. Bd2 Be7 12. Kh1 Nc5 13. b4 Nxd3 14. cxd3 O-O 15. Nb3 Rac8 16. Rac1 Qd7 17. Be3 Rfe8 18. Rc2 e5 19. fxe5 dxe5 20. Bc5 {0-1 (60) Movsesian,S (2653)-Laznicka,V (2666) Prague 2016}) 10. Kh1 O-O 11. f4 d6 12. Be3 $146 ({Predecessor:} 12. Rf3 Nbd7 13. Be3 Nc5 14. Bg1 d5 15. e5 Nfe4 16. Rh3 g6 17. Nd1 Qd7 18. Ne3 f5 19. Rf1 Na4 20. b3 Bxa3 {1-0 (20) Acosta Nunez,M (1784)-Ramirez Buitrago,D (2004) Bogota 2016}) 12... Nbd7 {[%emt 0:00:36] LiveBook: 10 Games} 13. Bg1 Rac8 14. Nb3 Nc5 15. Rac1 Rfd8 16. Nxc5 dxc5 17. e5 Nd5 18. Nxd5 Bxd5 19. c4 bxc4 20. Bxc4 Bxc4 21. Rxc4 Qb7 22. f5 exf5 23. Rxf5 g6 24. Rf1 Bf8 25. Rcf4 Rc7 26. e6 f5 27. Bf2 Re8 28. Qc4 Qb5 $2 (28... Be7 $11) 29. e7+ $1 Qxc4 30. exf8=Q+ Kxf8 31. Rxc4 Re2 32. Bxc5+ Kf7 33. b4 Rd7 34. g4 Rdd2 35. Bg1 Kf6 36. gxf5 gxf5 37. Rc6+ Kg5 38. Rxa6 f4 39. Ra8 Kg4 40. Rg8+ Kh3 41. Rf3+ Kh4 42. Rxf4+ Kh5 43. Rf7 h6 $18 44. b5 Ra2 45. b6 Reb2 46. b7 1-0

[Event "IIFL Wealth  4th Mumbai Junior U-13"]
[Site "Mumbai"]
[Date "2019.01.06"]
[Round "8"]
[White "Manish Kumar (2006)"]
[Black "Ayush Sharma"]
[Result "1-0"]
[ECO "A02"]
[WhiteElo "1848"]
[BlackElo "1979"]
[Annotator "NA"]
[PlyCount "105"]
[EventDate "2018.12.30"]
[EventType "swiss"]
[EventCountry "IND"]
[SourceTitle "playchess.com"]
[Source "ChessBase"]
[SourceQuality "1"]
[TimeControl "40/5400+30:1800+30"]

1. f4 Nf6 2. Nf3 e6 3. e3 b6 4. b3 Bb7 5. Bb2 Be7 6. Bd3 {[%emt 0:00:59] A02: Bird's Opening} (6. Rg1 d6 7. g4 h6 8. Nc3 Nbd7 9. Qe2 a5 10. O-O-O Nc5 11. g5 hxg5 12. fxg5 Nh5 13. g6 f5 {0-1 (52) Wei,Y (2748)-Priasmoro,N (2411) Ashkhabad 2017}) 6... Na6 7. O-O O-O 8. Nc3 Nc5 9. Be2 d5 10. Qe1 $146 ({Predecessor:} 10. d4 Nce4 11. Nd2 c5 12. Ncxe4 dxe4 13. Nc4 Nd5 {1-0 (45) Phipps,J-Lee,M London,Canada 1996}) 10... a5 11. a4 Nfe4 12. d3 Nd6 13. Qf2 Bf6 14. Ne5 Nf5 15. d4 Ne4 16. Nxe4 dxe4 17. Bb5 Ba6 18. Ba3 Nd6 19. c4 Qc8 (19... Bb7 $16) 20. Bd7 Qd8 21. Bc6 Rc8 22. Nd7 Re8 23. Nxf6+ Qxf6 24. Bxe8 Rxe8 25. Rfc1 (25. Qc2 $18) 25... Nf5 26. b4 axb4 (26... h5 $142 27. bxa5 bxa5) 27. Bxb4 c5 28. Bc3 cxd4 29. Bxd4 Nxd4 30. exd4 Rd8 (30... Rc8 $142 31. a5 bxa5 32. Rxa5 Bb7) 31. Rab1 Rxd4 32. Rxb6 Bc8 33. Rb8 Rd8 34. c5 e5 35. c6 exf4 36. c7 Rf8 37. Qc5 $18 Qe6 38. Rd1 e3 39. Rd8 h6 40. Rxf8+ Kh7 41. Qc2+ f5 42. Qxf5+ Qxf5 43. Rxf5 Bxf5 44. c8=Q Bxc8 45. Rxc8 g5 46. a5 Kg6 47. a6 Kh5 48. a7 Kh4 49. a8=Q e2 50. Kf2 e1=Q+ 51. Kxe1 f3 52. Qxf3 g4 53. Qf6+ 1-0

[Event "IIFL Wealth  4th Mumbai Junior U-13"]
[Site "Mumbai"]
[Date "2019.01.06"]
[Round "8"]
[White "Larmet, Nino"]
[Black "Tikam Aradhya"]
[Result "1-0"]
[ECO "C65"]
[WhiteElo "1835"]
[BlackElo "1332"]
[Annotator "NA RC"]
[PlyCount "119"]
[EventDate "2018.12.30"]
[EventType "swiss"]
[EventCountry "IND"]
[SourceTitle "playchess.com"]
[Source "ChessBase"]
[SourceQuality "1"]
[TimeControl "40/5400+30:1800+30"]

1. e4 e5 2. Nf3 Nc6 3. Bb5 Nf6 4. d3 d6 5. c3 Be7 6. O-O a6 7. Ba4 O-O 8. Re1 Bg4 9. Nbd2 Nd7 10. Nf1 {[%emt 0:02:01] C87: Closed Ruy Lopez: Steinitz-type lines after 6 Re1 d6} (10. h3 Bh5 11. Bc2 Nb6 12. Nf1 d5 13. Ng3 Bg6 14. Qe2 Re8 15. Be3 Qd6 16. Bxb6 cxb6 17. h4 h6 18. Bb3 d4 19. cxd4 Nxd4 20. Nxd4 Qxd4 {1-0 (45) So,W (2786)-Onischuk,A (2672) Saint Louis 2018}) 10... b5 11. Bc2 f5 12. Bb3+ Kh8 13. Bd5 Ndb8 14. Ne3 $146 ({Predecessor:} 14. h3 Bxf3 15. Qxf3 f4 16. Rd1 Ra7 17. d4 Bg5 18. a4 {1-0 (51) Ochsner,J-Semjonovs,V (1473) Prague 2012}) 14... Bxf3 15. Qxf3 fxe4 16. Qd1 (16. Qh3 $18) 16... exd3 17. Qxd3 b4 18. Nf5 a5 (18... bxc3 $142 19. Nxe7 (19. bxc3 Bh4 $16) 19... Qxe7) 19. Qe4 (19. Re3 $18 {and White stays clearly on top.} g6 20. Nh6) 19... Ra6 20. Bc4 Ra8 $2 {[%emt 0:03:26] [#]} (20... d5 $16 21. Bxd5 Rxf5) 21. Rd1 $2 ({Not} 21. Qg4 Bf6 $11) (21. Nxg7 $1 $18 {[%mdl 512] is the precise move to win.} d5 (21... Kxg7 22. Bd3) 22. Bxd5 Kxg7 23. Bxc6 Nxc6 24. Qxc6) 21... Qe8 $2 (21... Bg5 $16 {is a better defense.}) 22. Bb5 Bf6 (22... Qg6 $16 {is a better defense.} 23. g4 Bf6) 23. cxb4 $2 (23. Ng3 $18) 23... axb4 24. Bd2 Ra5 (24... Qg6 $1 $11 {remains equal.}) 25. a4 Qe6 26. Bxc6 (26. Ne3 $16 Nd4 27. Bxb4 Rxb5 28. axb5) 26... Nxc6 27. Nxg7 (27. Qxc6 $14 Qxf5 28. Qxc7) 27... Bxg7 28. Qxc6 Rc5 29. Qe4 Rc4 30. Qe2 d5 31. Re1 Qf5 32. Rac1 Re4 33. Qf1 Rf7 ({Black should try} 33... Rd4 $14 34. Be3 e4) 34. Rxe4 Qxe4 35. Qe1 ({White should try} 35. a5 $16) 35... Qxe1+ $1 36. Bxe1 Bf8 37. Kf1 c5 38. b3 Ra7 39. Ke2 Kg7 40. Kd3 Kf6 41. f3 Ke6 42. Bf2 (42. h4 $11 {keeps the balance.}) 42... Ra5 43. Re1 Kf6 (43... Bd6 $15) 44. Bh4+ Ke6 45. Bg3 Bg7 {[%emt 0:01:46] [#]} (45... c4+ $11 46. bxc4 Bd6) 46. Bxe5 $1 Bxe5 47. f4 Ra7 48. Rxe5+ Kd6 49. Rh5 Rf7 50. Rh6+ Kc7 51. g3 Kb7 52. Rd6 Rf5 53. Rd7+ Kc6 54. Rxh7 Rf6 55. Rh5 Re6 56. Re5 Rh6 $18 57. h4 Rg6 58. Rg5 Re6 59. h5 Kd6 60. Rg6 1-0

[Event "IIFL Wealth  4th Mumbai Junior U-13"]
[Site "Mumbai"]
[Date "2019.01.06"]
[Round "8"]
[White "Krishnan Ritvik"]
[Black "Sohanganesh Uddhav Nikam"]
[Result "0-1"]
[ECO "C24"]
[WhiteElo "1812"]
[BlackElo "1299"]
[Annotator "NA"]
[PlyCount "36"]
[EventDate "2018.12.30"]
[EventType "swiss"]
[EventCountry "IND"]
[SourceTitle "playchess.com"]
[Source "ChessBase"]
[SourceQuality "1"]
[TimeControl "40/5400+30:1800+30"]

1. e4 e5 2. Bc4 Nf6 3. d3 Bc5 4. Nf3 d6 5. c3 Nc6 6. Bb3 a6 7. h3 Ba7 8. Nbd2 Be6 9. Bc2 h6 10. Nf1 d5 11. Qe2 dxe4 12. dxe4 Qe7 13. Bd2 Rd8 14. g4 g5 15. Ne3 $11 Qc5 16. Nf5 Bc4 17. Qe3 Qb5 18. N3d4 exd4 0-1

[Event "IIFL Wealth  4th Mumbai Junior U-13"]
[Site "Mumbai"]
[Date "2019.01.06"]
[Round "8"]
[White "Bagwe Gaurang"]
[Black "Laddha, Shubh Jayesh"]
[Result "1/2-1/2"]
[ECO "B22"]
[WhiteElo "1768"]
[BlackElo "1567"]
[Annotator "NA"]
[PlyCount "105"]
[EventDate "2018.12.30"]
[EventType "swiss"]
[EventCountry "IND"]
[SourceTitle "playchess.com"]
[Source "ChessBase"]
[SourceQuality "1"]
[TimeControl "40/5400+30:1800+30"]

1. e4 c5 2. c3 d5 3. exd5 Nf6 4. d4 Nxd5 5. Nf3 e6 6. Bd3 cxd4 7. cxd4 Bb4+ 8. Bd2 Bxd2+ 9. Qxd2 O-O 10. O-O Nc6 11. Nc3 Nce7 12. Rad1 b6 13. Bb1 Bb7 14. Ne4 Nf5 15. Ng3 Nxg3 16. hxg3 Nf6 17. Ne5 Be4 18. Bxe4 Nxe4 19. Qf4 Nf6 20. g4 Nd5 21. Qg3 Qd6 22. Qh4 Rac8 23. Rd2 h6 24. Nf3 Qf4 25. Qh2 Qxh2+ 26. Kxh2 Rc7 27. g5 hxg5 28. Nxg5 Rfc8 29. a3 Rc2 30. Rfd1 Kf8 31. Kg3 Ke7 32. Kf3 f6 33. Ne4 f5 34. Nc3 Rxd2 35. Nxd5+ Kd6 36. Rxd2 Kxd5 37. Ke3 g5 38. g3 Rc4 39. Rd3 b5 40. Rd2 a5 41. f3 Ra4 42. Rd1 Rc4 43. Rd2 Rc1 44. Re2 Rd1 45. Rc2 Rxd4 46. Rc8 f4+ 47. gxf4 gxf4+ 48. Ke2 Ke5 49. b3 Kd5 50. Rd8+ Ke5 51. Rh8 Kd5 52. Rd8+ Ke5 53. Rh8 1/2-1/2

[Event "IIFL Wealth  4th Mumbai Junior U-13"]
[Site "Mumbai"]
[Date "2019.01.06"]
[Round "8"]
[White "Bhagyashree Patil"]
[Black "Bajaj Prakhar"]
[Result "0-1"]
[ECO "B41"]
[WhiteElo "1758"]
[BlackElo "1551"]
[Annotator "NA"]
[PlyCount "98"]
[EventDate "2018.12.30"]
[EventType "swiss"]
[EventCountry "IND"]
[SourceTitle "playchess.com"]
[Source "ChessBase"]
[SourceQuality "1"]
[TimeControl "40/5400+30:1800+30"]

1. e4 c5 2. Nf3 e6 3. d4 cxd4 4. Nxd4 a6 5. Be3 Nf6 6. Nd2 Qc7 7. Be2 d5 8. Bd3 e5 9. N4b3 dxe4 10. Nxe4 Nxe4 11. Bxe4 f5 12. Bd5 Nd7 13. O-O Nf6 14. Re1 Bd6 15. c4 Bb4 16. Re2 Bd7 17. Bf4 Ng4 18. Bxe5 Nxe5 19. f4 O-O-O 20. fxe5 Rhe8 21. Qd4 Kb8 22. Kh1 Be6 23. Qf4 g6 24. a3 Bf8 25. Bxe6 Rxe6 26. Nd4 Ree8 27. Nf3 Bg7 28. b4 Re6 29. Rae1 Rde8 30. h3 h6 31. c5 Qf7 32. a4 g5 33. Qd4 Qh5 34. b5 g4 35. Ng1 gxh3 36. Nxh3 f4 37. bxa6 f3 38. Qd5 fxg2+ 39. Rxg2 R8e7 40. axb7 Re8 41. Rxg7 Qxh3+ 42. Kg1 Qc3 43. Rb1 Qe3+ 44. Kg2 Qe2+ 45. Kh1 Qh5+ 46. Kg1 Rg6+ 47. Rxg6 Qxg6+ 48. Kf2 Qxb1 49. c6 Qb2+ 0-1

[Event "IIFL Wealth  4th Mumbai Junior U-13"]
[Site "Mumbai"]
[Date "2019.01.06"]
[Round "8"]
[White "Arhan Chethan Anand"]
[Black "Vaval Aaditi"]
[Result "1/2-1/2"]
[ECO "D34"]
[WhiteElo "1710"]
[BlackElo "1367"]
[Annotator "NA RC"]
[PlyCount "80"]
[EventDate "2018.12.30"]
[EventType "swiss"]
[EventCountry "IND"]
[SourceTitle "playchess.com"]
[Source "ChessBase"]
[SourceQuality "1"]
[TimeControl "40/5400+30:1800+30"]

1. d4 d5 2. c4 e6 3. Nc3 c5 4. cxd5 exd5 5. Nf3 Nc6 6. g3 Nf6 7. Bg2 Be7 8. O-O O-O 9. dxc5 Bxc5 10. a3 Be7 11. b4 a6 12. Bb2 Be6 13. Rc1 Rc8 14. Nd4 Qd7 15. Nxe6 fxe6 16. Na4 Rc7 17. Bh3 Ne4 18. f3 Ng5 19. Bg2 b5 20. Nc5 Bxc5+ 21. Rxc5 Nf7 22. Qc2 Nd6 23. Be5 Rcc8 24. Bxd6 Qxd6 25. Rd1 Ne7 26. Bh3 Rxc5 27. Qxc5 Qxc5+ 28. bxc5 Kf7 29. e4 dxe4 30. fxe4 Rc8 31. Rd6 Rc6 32. Bxe6+ Kf6 33. Bd7+ Rxd6 34. cxd6 Ng6 35. Bc8 a5 36. Ba6 b4 37. axb4 axb4 38. Bc4 Ne5 39. Bd5 Nd7 40. Kf2 Ke5 1/2-1/2

[Event "IIFL Wealth  4th Mumbai Junior U-13"]
[Site "Mumbai"]
[Date "2019.01.06"]
[Round "8"]
[White "Shreyas Ghadi"]
[Black "Adireddy Arjun"]
[Result "1/2-1/2"]
[ECO "D18"]
[WhiteElo "1653"]
[BlackElo "1468"]
[Annotator "NA"]
[PlyCount "82"]
[EventDate "2018.12.30"]
[EventType "swiss"]
[EventCountry "IND"]
[SourceTitle "playchess.com"]
[Source "ChessBase"]
[SourceQuality "1"]
[TimeControl "40/5400+30:1800+30"]

1. d4 d5 2. c4 c6 3. Nc3 Nf6 4. Nf3 dxc4 5. a4 Bf5 6. e3 e6 7. Bxc4 Bb4 8. Bd3 Bg6 9. O-O Nbd7 10. Qc2 O-O 11. Rd1 Qe7 12. Bxg6 hxg6 13. Bd2 e5 14. dxe5 Nxe5 15. Nxe5 Qxe5 16. Ne2 Bxd2 17. Rxd2 Rad8 18. Rad1 Rxd2 19. Qxd2 Nd5 20. Qd4 Re8 21. Rd2 Qxd4 22. Rxd4 f5 23. Kf1 Re7 24. Ke1 Kf7 25. Kd2 Ke6 26. e4 Nf6 27. exf5+ gxf5 28. Nf4+ Ke5 29. Ng6+ Kxd4 30. Nxe7 Ne4+ 31. Kc2 Nxf2 32. Nxf5+ Ke5 33. Ne3 Ne4 34. b3 b5 35. axb5 cxb5 36. b4 g6 37. Kd3 Nf2+ 38. Ke2 Ne4 39. Kd3 Nf2+ 40. Ke2 Ne4 41. Kd3 Nf2+ {[%emt 0:00:11] Ke4+} 1/2-1/2

[Event "IIFL Wealth  4th Mumbai Junior U-13"]
[Site "Mumbai"]
[Date "2019.01.06"]
[Round "8"]
[White "Mahajan Ayush"]
[Black "Nanal Arnav"]
[Result "0-1"]
[ECO "B10"]
[WhiteElo "1629"]
[BlackElo "1456"]
[Annotator "NA"]
[PlyCount "153"]
[EventDate "2018.12.30"]
[EventType "swiss"]
[EventCountry "IND"]
[SourceTitle "playchess.com"]
[Source "ChessBase"]
[SourceQuality "1"]
[TimeControl "40/5400+30:1800+30"]

1. e4 c6 2. Nf3 d5 3. Nc3 Nf6 4. e5 Ne4 5. d4 Nxc3 6. bxc3 Bf5 7. Bd3 Bxd3 8. Qxd3 e6 9. O-O Be7 10. Rb1 b6 11. Re1 O-O 12. Re3 Nd7 13. h4 Bxh4 14. Nxh4 Qxh4 15. Ba3 Rfe8 16. Rbe1 Qh5 17. Rh3 Qf5 18. Qd2 f6 19. Bd6 fxe5 20. Rf3 Qh5 21. dxe5 Nc5 22. Qf4 Ne4 23. Rxe4 dxe4 24. Qxe4 Qg6 25. Qxg6 hxg6 26. Kh2 Rad8 27. Kg3 Rd7 28. Rf4 Rf7 29. Rg4 Rf5 30. Ra4 Ra8 31. f3 Rh5 32. c4 a6 33. Ra3 Rh1 34. Rb3 b5 35. Rc3 Rc1 36. a3 Rc8 37. f4 c5 38. cxb5 axb5 39. Rxc5 Rxc5 40. Bxc5 Rxc2 41. Bd6 Kf7 42. Kf3 g5 43. g3 gxf4 44. Kxf4 Kg6 45. g4 Rc3 46. Be7 Rc7 47. Bd6 Rf7+ 48. Kg3 Kg5 49. Bb4 Rc7 50. Bd2+ Kg6 51. Bb4 Rc4 52. Bd6 Kf7 53. Kh4 g6 54. Kg5 Re4 55. Bb8 Rd4 56. Ba7 Rd3 57. Bc5 Rd5 58. Bd6 Rxd6 59. exd6 e5 60. d7 Ke7 61. Kxg6 e4 62. Kh7 e3 63. g5 e2 64. g6 e1=Q 65. g7 Qh4+ 66. Kg6 Qf6+ 67. Kh7 Qf7 68. Kh8 Qh5+ 69. Kg8 Qh6 70. d8=Q+ Kxd8 71. Kf7 Qh7 72. Kf8 Qf5+ 73. Kg8 Ke7 74. Kh8 Qh5+ 75. Kg8 Qg6 76. a4 bxa4 77. Kh8 0-1